AoeStats
← kriket

Lombardia

509467526Analyzed
4v4 RM · 5d ago on Sep 26, 2026· 43m 47s· 8 players
Game mode
Random Map
Map size
Large (8 player)
Population
200
Speed
Normal
Resources
Standard
Victory
Conquest
Starting age
Dark Age
Ending age
Imperial Age
RankedLock teamsTeams togetherTeam positionsShared explorationLock speedFull tech treeHidden civsTurbo modeCheats
Victory
Defeat
🇺🇸 Dravidians · United States
1185
+14
🇨🇴 Teutons · Colombia
1173
+15
🇯🇵 Burmese · Japan
1165
+15
🇦🇺 Jurchens · Australia
1156
+15
🇹🇷 Poles · Türkiye
1207
-18
🇸🇰 Huns · Slovakia
1127
-14
🇷🇺 Turks · Russia
1118
-14
🇷🇺 Tatars · Russia
1111
-13
Forkan Rick
2:29 Loom
8:30 Loom
10:50 Feudal Age
16:12 Castle Age
14:30 Double-Bit Axe
15:11 Fletching
23:45 Bodkin Arrow
24:29 Horse Collar
30:21 Wheelbarrow
29:50 Caravan
30:48 Husbandry
32:15 Town Watch
32:48 Hand Cart
36:29 Imperial Age
34:36 Medical Corps
36:36 Thumb Ring
38:26 Bow Saw
38:19 Heavy Plow
39:01 Bracer
39:01 Padded Archer Armor
39:25 Ballistics
40:05 Chemistry
42:16 Masonry
42:22 Fortified Wall
Waffle_Time30
8:37 Loom
11:10 Feudal Age
13:04 Double-Bit Axe
18:17 Castle Age
17:54 Horse Collar
20:24 Bloodlines
20:14 Husbandry
28:37 Bow Saw
29:31 Forging
29:26 Scale Barding Armor
30:29 Wheelbarrow
32:19 Hand Cart
32:42 Iron Casting
32:28 Chain Barding Armor
33:00 Pikeman
33:26 Gambesons
33:41 Squires
33:26 Arson
33:55 Light Cavalry
34:45 Scale Mail Armor
35:05 Chain Barding Armor
42:16 Imperial Age
39:49 Heavy Plow
39:41 Gold Mining
39:42 Stone Mining
42:30 Chain Mail Armor
42:07 Fletching
42:33 Fortified Wall
46:38 Imperial Age
43:53 Town Watch
hargir
2:55 Loom
10:27 Feudal Age
11:14 Double-Bit Axe
18:59 Castle Age
17:20 Horse Collar
20:28 Bow Saw
26:49 Wheelbarrow
31:43 Imperial Age
30:35 Hand Cart
30:13 Gold Mining
30:55 Forging
31:31 Scale Barding Armor
32:12 Caravan
32:51 Iron Casting
32:21 Heavy Plow
32:24 Town Watch
32:22 Cavalier
36:16 Chemistry
35:56 Chain Barding Armor
36:38 Blast Furnace
35:41 Paladin
37:52 Pikeman
42:54 Town Patrol
makeinu
11:58 Feudal Age
13:11 Horse Collar
16:00 Castle Age
16:46 Wheelbarrow
18:24 Heavy Plow
19:26 Stone Mining
23:26 Gold Mining
25:40 Gold Shaft Mining
29:11 Imperial Age
27:04 Caravan
27:22 Loom
29:57 Scale Barding Armor
30:02 Forging
29:43 Fletching
31:12 Chain Barding Armor
30:47 Fletching
31:28 Bloodlines
30:42 Elite Battle Elephant
32:12 Iron Casting
32:03 Husbandry
32:16 Howdah
32:38 Conscription
36:12 Plate Barding Armor
36:39 Blast Furnace
36:41 Crop Rotation
37:21 Bodkin Arrow
38:29 Bracer
40:41 Man-at-Arms
41:07 Gambesons
41:23 Squires
41:08 Arson
41:00 Man-at-Arms
41:26 Arson
42:21 Long Swordsman
42:34 Long Swordsman
43:36 Manipur Cavalry
msmatossms
10:53 Feudal Age
11:30 Loom
16:31 Castle Age
21:02 Wheelbarrow
24:21 Forging
27:14 Scale Mail Armor
27:21 Scale Barding Armor
27:22 Town Watch
28:53 Caravan
30:07 Double-Bit Axe
31:35 Husbandry
31:45 Bloodlines
32:52 Hand Cart
33:47 Horse Collar
40:03 Iron Casting
39:48 Chain Barding Armor
40:24 Heavy Plow
41:55 Bow Saw
45:23 Imperial Age
Vantokk
8:36 Loom
11:27 Feudal Age
17:47 Castle Age
17:02 Stone Mining
17:22 Horse Collar
17:30 Double-Bit Axe
20:01 Bow Saw
19:54 Heavy Plow
22:59 Wheelbarrow
22:09 Town Watch
25:38 Scale Barding Armor
25:44 Forging
28:58 Imperial Age
26:46 Hand Cart
26:59 Forging
27:54 Gold Mining
29:31 Town Patrol
29:55 Chain Barding Armor
30:10 Iron Casting
30:16 Squires
29:36 Pikeman
31:17 Conscription
31:18 Lechitic Legacy
32:03 Bloodlines
31:54 Husbandry
31:14 Light Cavalry
33:01 Winged Hussar
35:43 Blast Furnace
kriket
5:37 Loom
12:12 Feudal Age
17:12 Castle Age
15:08 Double-Bit Axe
22:29 Wheelbarrow
21:40 Town Watch
23:01 Bow Saw
23:29 Horse Collar
27:02 Heavy Plow
29:15 Hand Cart
29:43 Fletching
29:55 Padded Archer Armor
30:18 Ballistics
32:47 Gold Mining
32:53 Stone Mining
33:48 Caravan
36:36 Imperial Age
34:51 Gold Shaft Mining
36:11 Coinage
36:10 Town Patrol
37:37 Elite Janissary
38:19 Artillery
38:40 Conscription
38:45 Leather Archer Armor
38:26 Bodkin Arrow
38:45 Masonry
38:30 Murder Holes
38:17 Treadmill Crane
38:49 Fortified Wall
39:04 Guilds
40:21 Ring Archer Armor
39:57 Scale Barding Armor
40:03 Forging
39:53 Scale Mail Armor
Sussy_Floppa
7:32 Loom
10:02 Feudal Age
10:36 Double-Bit Axe
13:37 Forging
21:59 Castle Age
19:48 Horse Collar
20:47 Fletching
21:54 Bloodlines
22:48 Bodkin Arrow
23:50 Bow Saw
24:56 Husbandry
26:00 Wheelbarrow
34:47 Imperial Age
32:12 Gold Mining
34:12 Caravan
34:14 Padded Archer Armor
34:53 Ballistics
35:36 Bracer
38:57 Heavy Cavalry Archer
39:39 Heavy Plow
39:30 Stone Mining
41:26 Hand Cart
40:58 Town Watch
42:43 Conscription
Connection lost

Rejoining the realm…

Still unreachable

The connection could not be restored.

Session expired

The server has moved on; the page needs a fresh start.